 Dungeon Crawl Stone Soup version 0.26.1-11-gd32895ea62 (webtiles) character file.

Game seed: 4070239766965698155

18 Zeld the Digger (level 2, 0/15 HPs)
             Began as a Gargoyle Earth Elementalist on Sept 4, 2021.
             Killed from afar by Sigmund (3 damage)
             ... with a magic dart
             ... on level 2 of the Dungeon.
             The game lasted 00:00:56 (910 turns).

Zeld the Digger (Gargoyle Earth Elementalist)        Turns: 910, Time: 00:00:56

Health: 0/15       AC:  4    Str: 11    XL:     2   Next: 70%
Magic:  5/5        EV: 12    Int: 15    God:
Gold:   65         SH:  0    Dex: 10    Spells: 2/5 levels left

rFire    . . .     SeeInvis .   (no weapon)
rCold    . . .     Faith    .   (no shield)
rNeg     + . .     Spirit   .   c - +0 robe
rPois    ∞         Reflect  .   (no helmet)
rElec    +         Harm     .   (no cloak)
rCorr    .         Rampage  .   (no gloves)
Will     .....                  (no boots)
Stlth    ++........             (no amulet)
HPRegen  0.05/turn              (no ring)
MPRegen  0.09/turn              (no ring)

@: no status effects
A: negative energy resistance 1, electricity resistance, unbreathing,
petrification resistance, miasma immunity, AC +2
a: no special abilities


You were on level 2 of the Dungeon.
You visited 1 branch of the dungeon, and saw 2 of its levels.

You collected 65 gold pieces.

Inventory:

Missiles
 b - 55 stones (quivered)
Armour
 c - a +0 robe (worn)
Scrolls
 a - a scroll of magic mapping {unknown}
 e - a scroll of immolation {unknown}
Potions
 d - a potion of haste {unknown}


   Skills:
 + Level 0.5 Armour
 + Level 1.7 Dodging
 + Level 2.4 Stealth
 * Level 2.3 Spellcasting
 + Level 0.9 Transmutations
 * Level 4.0 Earth Magic


You had 2 spell levels left.
You knew the following spells:

 Your Spells              Type           Power        Failure   Level
a - Sandblast             Erth           26%          4%          1
b - Passwall              Tmut/Erth      7%           12%         2

Your spell library contained the following spells:

 Spells                   Type           Power        Failure   Level
 Stone Arrow              Conj/Erth      14%          28%         3
 Petrify                  Tmut/Erth      9%           61%         4
 Lee's Rapid Deconstruct  Erth           6%           75%         5


Dungeon Overview and Level Annotations

Branches:
Dungeon (1/15)

Altars:

Annotations:
D:2 Sigmund


Innate Abilities, Weirdness & Mutations

You are resistant to torment.
Your stone body is resilient. (AC +2)
You are immune to poison.
You resist negative energy. (rN+)
You are resistant to electric shocks. (rElec)
You can survive without breathing.
You are immune to petrification.
You are immune to miasma.


Message History

Sigmund gestures at you while chanting.
You are confused.
Unknown command.
You closely miss Sigmund. Sigmund hits you with a +0 scythe!
Ouch! That really hurt!
Sigmund hits you from afar with a +0 scythe.
* * * LOW HITPOINT WARNING * * *
You bump into the rock wall.
The rat closely misses you.
You hit the rat.
You kill the rat!
Sigmund misses you.
You see here a rat corpse.
You feel less confused. Sigmund looks at you with fury.
Sigmund points at you and mumbles some strange words.
The magic dart hits you.
* * * LOW HITPOINT WARNING * * *
Sigmund casts a spell at you. The magic dart hits you.
You die...

##...####.........####....#####
#.......'.........'............
##...####.........####....####.
#....## ##.......## #..#.# #.
#.#### ##.....## #.##.## #. #.
##.).## #.##..# #. # ##'####
#.###.# #. ######....#
#.###.###. ........@..#
#......... #######....#
#####.#### ##....##### #.#
#.........# #.# #.....###.# #.#
#.#.#@###.######.#
#.#.#............#
#.#.#####@######## #.#.#####.#


You could see Sigmund.

Vanquished Creatures
  2 leopard geckos (D:1)
  A giant cockroach (D:1)
  6 hobgoblins
  2 kobolds
  A bat (D:1)
  2 rats (D:2)
14 creatures vanquished.

Notes
Turn   | Place    | Note
-------+----------+-------------------------------------------
     0 | D:1      | Zeld the Gargoyle Earth Elementalist began the quest for
                  | the Orb.
     0 | D:1      | Reached XP level 1. HP: 10/10 MP: 3/3
   235 | D:1      | Reached XP level 2. HP: 7/15 MP: 0/5
   396 | D:1      | Learned a level 2 spell: Passwall
   618 | D:1      | You fall into a shaft and drop 1 floor!
   765 | D:2      | Reached skill level 4 in Earth Magic
   880 | D:2      | Noticed Sigmund
   910 | D:2      | Killed from afar by Sigmund

Illustrated notes

Levels and vault maps discovered:
D:1:      dpeg_arrival_leaves_temple_mockup, layout_loops_cross, hex_large
D:2:      layout_loops_corners, lemuel_crystal_altar, serial_rivers,
          chequers_serial_rivers_small_a, chequers_serial_rivers_micro_e,
          chequers_serial_rivers_room_a, chequers_serial_rivers_large_a,
          uniq_sigmund

Skill      XL: |  1  2 |
---------------+-------+-----
Earth Magic    | 4 |  4.0
Armour         | |  0.5
Dodging        | |  1.7
Stealth        | |  2.4
Spellcasting   | |  2.3
Transmutations | |  0.9

Action                   || total
-------------------------++-------
Melee: Unarmed           ||    11
 Cast: Sandblast         ||    22
Armor: Robe              ||     5
Dodge: Dodged            ||    14
